 Dungeon Crawl Stone Soup version 0.27-a0-1312-g5cdb2b3542 (webtiles) character file.

Game seed: 3851936178239286408

89 Demosthentine the Poker (level 4, -8/35 HPs)
             Began as a Merfolk Gladiator on June 21, 2021.
             Killed by divine providence
             ... invoked by an orc priest
              (16 damage)
             ... on level 4 of the Dungeon.
             The game lasted 00:01:20 (1927 turns).

Demosthentine the Poker (Merfolk Gladiator)         Turns: 1927, Time: 00:01:21

Health: -8/35      AC:  4    Str: 15    XL:     4   Next: 55%
Magic:  4/4        EV: 13    Int:  7    God:
Gold:   67         SH:  0    Dex: 15    Spells: 3/3 levels left

rFire    . . .     SeeInvis .   a - +0 trident
rCold    . . .     Faith    .   (no shield)
rNeg     . . .     Spirit   .   b - +0 leather armour
rPois    .         Reflect  .   c - +0 helmet
rElec    .         Harm     .   (no cloak)
rCorr    .         Rampage  .   (no gloves)
Will     .....                  (no boots)
Stlth    +.........             (no amulet)
HPRegen  0.11/turn              (no ring)
MPRegen  0.09/turn              (no ring)

@: hasted, very quick
A: (nimble swimmer 2), mertail
a: no special abilities


You were on level 4 of the Dungeon.
You visited 1 branch of the dungeon, and saw 3 of its levels.

You collected 67 gold pieces.

Inventory:

Hand Weapons
 a - a +0 trident (weapon)
Missiles
 d - 2 throwing nets (quivered)
Armour
 b - a +0 leather armour (worn)
 c - a +0 helmet (worn)
Scrolls
 e - 2 scrolls of teleportation {unknown}
 g - 2 scrolls of identify
Potions
 h - a potion of magic
 i - a potion of might


   Skills:
 + Level 3.2 Fighting
 + Level 5.4 Polearms
 - Level 2.0 Throwing
 + Level 1.2 Armour
 + Level 4.8 Dodging


You had 3 spell levels left.
You didn't know any spells.
Your spell library contained the following spells:

 Spells                   Type           Power      Damage    Failure   Level
 Confusing Touch          Hex            0%         N/A       86%         3
 Gell's Gravitas          Tloc           0%         N/A       86%         3
 Petrify                  Tmut/Erth      0%         N/A       99%         4
 Metabolic Englaciation   Hex/Ice        0%         N/A       100%        5
 Yara's Violent Unravell  Hex/Tmut       0%         3d3       100%        5


Dungeon Overview and Level Annotations

Branches:
Dungeon (2/15)

Altars:


Innate Abilities, Weirdness & Mutations

((You are quick and stealthy near water. (Stealth+, EV+, Speed+++)))
Your lower body shifts to a powerful aquatic tail in water.


Message History

Things that are here:
a +0 mace; an orc corpse You hit the orc priest but do no damage.
The orc priest hits you with a +0 mace!
You hit the orc priest but do no damage.
The orc priest barely misses you.
You hit the orc priest.
The orc priest is lightly wounded.
The orc priest hits you with a +0 mace.
You barely miss the orc priest.
The orc priest is lightly wounded.
The orc priest hits you with a +0 mace.
You hit the orc priest but do no damage.
The orc priest is lightly wounded.
The orc priest looks braver for a moment.
You hit the orc priest but do no damage.
The orc priest is lightly wounded.
The orc priest mumbles some strange prayers to Beogh against you.
Beogh smites you!
* * * LOW HITPOINT WARNING * * *
You closely miss the orc priest.
The orc priest is lightly wounded.
The orc priest hits you with a +0 mace.
* * * LOW HITPOINT WARNING * * *
It was a potion of haste.
You feel yourself speed up. The orc priest closely misses you.
Throw: 3 throwing nets
Press: ? - help, Q - select action Shift-Dir - straight line, f - orc priest
Aim: an orc priest, wielding a +0 mace and wearing a +0 chain mail (lightly wounded, 68% to hit)
You throw a throwing net. The throwing net hits the orc priest.
The orc priest is caught in the net!
The orc priest is lightly wounded.
You hit the orc priest.
The orc priest is moderately wounded.
The orc priest struggles against the net.
You hit the orc priest but do no damage.
The orc priest is moderately wounded.
The orc priest calls down the wrath of Beogh upon you.
Beogh smites you!
You die...

#.# #.######
#.#....# #
#.#.##.#
##.####.#.##.# #
..........##.##.##
.................#
.......[.###.##.##
########.# #@# #.#
#o# ###.# #o#
##...# #o# #...##
#.# ##.#.#.###.#
#.#.##.##.##.#
#........##.#
##.##.#..#


You could see an orc priest (caught) and 2 orcs.

Vanquished Creatures
  Natasha (D:2)
  An adder (D:2)
  A dart slug (D:2)
  An orc (D:4)
  8 ball pythons
  A bat (D:2)
  2 endoplasms
  5 giant cockroaches
  3 hobgoblins (D:1)
  3 jackals (D:1)
  2 kobolds
  3 quokkas (D:1)
  7 frilled lizards
  8 goblins
  2 rats (D:1)
48 creatures vanquished.

Notes
Turn   | Place    | Note
-------+----------+-------------------------------------------
     0 | D:1      | Demosthentine the Merfolk Gladiator began the quest for the
                  | Orb.
     0 | D:1      | Reached XP level 1. HP: 16/16 MP: 1/1
   170 | D:1      | Reached XP level 2. HP: 12/23 MP: 2/2
   346 | D:1      | Found a faded altar of an unknown god.
   763 | D:1      | Reached XP level 3. HP: 27/28 MP: 3/3
  1230 | D:2      | Reached skill level 5 in Polearms
  1427 | D:2      | Noticed Natasha
  1437 | D:2      | Reached skill level 1 in Armour
  1449 | D:2      | HP: 1/29 [Natasha/magic dart (6)]
  1450 | D:2      | Killed Natasha
  1451 | D:2      | Reached XP level 4. HP: 2/35 MP: 4/4
  1895 | D:2      | You fall into a shaft and drop 2 floors!
  1927 | D:4      | Killed from afar by an orc priest

Illustrated notes

Levels and vault maps discovered:
D:1:      dpeg_arrival_rhombus, layout_basic, basic_ecumenical_altar,
          minmay_3d_cube
D:2:      layout_loops_ring, minmay_tromino_v7, uniq_crazy_yiuf_cottage,
          uniq_robin, uniq_natasha
D:4:      layout_loops_ring, nicolae_gozag_cash_rules_everything_around_me,
          minmay_distorted

Skill      XL: |  1  2  3 |
---------------+----------+-----
Polearms       | 5 |  5.4
Fighting       | 3 |  3.2
Armour         | 1 |  1.2
Throwing       | |  2.0
Dodging        | |  4.8

Action                   |  1- 3 |  4- 6 || total
-------------------------+-------+-------++-------
Melee: Trident           |   115 |    30 ||   145
Throw: Throwing net      |       |     1 ||     1
  Use: Scroll            |     3 |       ||     3
       Potion            |     1 |     2 ||     3
 Stab: Sleeping          |     2 |     1 ||     3
Armor: Leather armour    |    20 |     5 ||    25
Dodge: Dodged            |    66 |    11 ||    77

Table legend: (Time is in decaauts)
 A = Elapsed time spent in this place.
 B = Non-inter-level travel time spent in this place.
 C = Inter-level travel time spent in this place.
 D = Time resting spent in this place.
 E = Time spent auto-exploring this place.
 F = Levels seen in this place.
 G = Mean time per level.
                   A        B        C        D        E       F      G
               +--------+--------+--------+--------+--------+-----+--------+
         Total |   1933 |   1905 |     28 |      0 |   1625 |   3 |  644.3 |
       Dungeon |   1933 |   1905 |     28 |      0 |   1625 |   3 |  644.3 |
               +--------+--------+--------+--------+--------+-----+--------+

Top non-repeatable levels by time:
     D:1: 1219 daAuts
     D:2: 682 daAuts
     D:4: 31 daAuts
